 Dungeon Crawl Stone Soup version 0.23-a0-419-g0174fd8 (webtiles) character file.

1018 Tooki the Thaumaturge (level 8, -6/41 HPs)
             Began as a Deep Elf Wizard on Nov 12, 2018.
             Mangled by an unseen horror (8 damage)
             ... on level 6 of the Dungeon.
             The game lasted 00:23:30 (7512 turns).

Tooki the Thaumaturge (Deep Elf Wizard)             Turns: 7512, Time: 00:23:30

Health: -6/41      AC:  4    Str:  4    XL:     8   Next: 2%
Magic:  18/25      EV: 13    Int: 26    God:
Gold:   326        SH:  0    Dex: 13    Spells: 17/30 levels left

rFire    . . .     SeeInvis .   r - +5 hand axe
rCold    . . .     Gourm    .   (no shield)
rNeg     . . .     Faith    .   h - +0 robe
rPois    .         Spirit   .   l - +0 helmet
rElec    .         Reflect  .   (no cloak)
rCorr    .         Harm     .   (no gloves)
MR       +....                  g - +0 pair of boots
Stlth    ++........             u - amulet of magic regeneration
HPRegen  0.13/turn              i - ring of protection from magic
MPRegen  0.44/turn              (no ring)

@: no status effects
A: no striking features
a: no special abilities


You were on level 6 of the Dungeon.
You were hungry.

You visited 1 branch of the dungeon, and saw 6 of its levels.
You also visited: Ossuary.

You collected 326 gold pieces.

Inventory:

Hand Weapons
 j - a +4 dagger
 k - a +0 hunting sling
 r - a +5 hand axe (weapon)
Missiles
 f - 15 sling bullets
Armour
 a - a +0 robe
 b - a +0 hat
 g - a +0 pair of boots (worn)
 h - a +0 robe (worn)
 l - a +0 helmet (worn)
 w - +0 ice dragon scales
 x - a +2 buckler
Jewellery
 i - a ring of protection from magic (left hand)
 u - an amulet of magic regeneration (around neck)
Wands
 c - a wand of acid (10)
Scrolls
 e - 4 scrolls of enchant weapon
 p - a scroll of random uselessness {unknown}
 q - 3 scrolls of teleportation {unknown}
 t - a scroll of enchant armour {unknown}
 y - 6 scrolls of remove curse
 z - 2 scrolls of amnesia {unknown}
 B - a scroll of immolation {unknown}
 G - a scroll of silence {unknown}
Potions
 m - a potion of invisibility
 n - a potion of might
 o - a potion of berserk rage
 s - 3 potions of agility
 v - 2 potions of haste
 A - 6 potions of curing {unknown}
 D - a potion of brilliance
Comestibles
 d - 9 rations


   Skills:
 - Level 2.4 Dodging
 - Level 2.4 Stealth
 * Level 1.7 Shields
 - Level 11.8 Spellcasting
 + Level 2.0 Conjurations
 - Level 1.1 Summonings
 - Level 1.1 Translocations
 + Level 1.5 Fire Magic


You had 17 spell levels left.
You knew the following spells:

 Your Spells              Type           Power        Failure   Level  Hunger
a - Magic Dart            Conj           ####         1%          1    None
b - Blink                 Tloc           N/A          3%          2    None
c - Call Imp              Summ           ###.....     3%          2    None
d - Slow                  Hex            ###.....     6%          2    None
e - Conjure Flame         Conj/Fire      ###.....     5%          3    None
f - Mephitic Cloud        Conj/Pois/Air  ###.....     9%          3    None

Your spell library contained the following spells:

 Spells                   Type           Power        Failure   Level  Hunger


Dungeon Overview and Level Annotations

Branches:
Dungeon (6/15)
 Temple: D:4-7

Altars:
Fedhas
Vehumet

Shops:
D:4 :


Message History

Something hits you but does no damage. Something hits you.
* * * LOW HITPOINT WARNING * * *
Unknown command.
Something barely misses you. Something hits you!
* * * LOW HITPOINT WARNING * * *
Unknown command.
Casting: Conjure Flame (safe; 5% risk of failure)
Confirm with . or Enter, or press ? or * to list all spells.
You blink.
Unknown command.
Okay, then.
Casting: Blink (safe; 3% risk of failure)
Confirm with . or Enter, or press ? or * to list all spells.
Okay, then.
Something hits you.
* * * LOW HITPOINT WARNING * * *
Casting: Blink (safe; 3% risk of failure)
Confirm with . or Enter, or press ? or * to list all spells.
You blink.
Something hits you!
You die...

#.##### #.# #.# #.#
#÷# ###############
#.# #.<...)........
#.# #.########.###.
#.######.### #.###.
#....@..§..# ##.#...
########.#.#####..#.#.
#....#............
#.##.#####......##
####$##.# ##.).#.#
........# ##)##.#
####.##.# ####.##.# #
#.# #.......# #.#
#>##.####


There were no monsters in sight!

Vanquished Creatures
  A black bear (D:3)
  An ogre (D:6)
  An elf zombie (Ossuary)
  A bullfrog (D:5)
  A scorpion (D:5)
  An orc priest (D:5)
  A centaur skeleton (D:6)
  4 orc wizards
  A bullfrog skeleton (D:4)
  2 worker ants
  A big kobold zombie (Ossuary)
  A hound skeleton (D:4)
  A mummy (Ossuary)
  A gnoll (D:5)
  A howler monkey zombie (D:5)
  8 adders
  3 oozes
  An adder skeleton (D:5)
  4 worms
  A dart slug (D:4)
  3 leopard geckos
  14 orcs
  9 giant cockroaches
  7 goblins
  14 hobgoblins
  3 jackals (D:3)
  A quokka (D:6)
  A ball python (D:1)
  A ball python skeleton (D:4)
  13 bats
  4 frilled lizards (D:3)
  3 goblin zombies (Ossuary)
  4 hobgoblin zombies (Ossuary)
  4 kobolds
  5 kobold zombies (Ossuary)
  A leopard gecko zombie (D:6)
  An orc zombie (Ossuary)
  3 quokka zombies
  4 rats
  A rat zombie (Ossuary)
132 creatures vanquished.

Vanquished Creatures (collateral kills)
  A centaur (D:5)
  A hound (D:5)
  An orc wizard (D:5)
  2 mummies (Ossuary)
  Robin (D:2)
  2 adders
  A worm (D:3)
  3 orcs
  A giant cockroach (D:3)
  6 goblins (D:2)
  4 hobgoblins (D:2)
  A bat (D:3)
  A frilled lizard (D:4)
25 creatures vanquished.

Grand Total: 157 creatures vanquished

Notes
Turn   | Place    | Note
-------+----------+-------------------------------------------
     0 | D:1      | Tooki the Deep Elf Wizard began the quest for the Orb.
     0 | D:1      | Reached XP level 1. HP: 10/10 MP: 7/7
   281 | D:1      | Reached skill level 5 in Spellcasting
   381 | D:1      | Reached XP level 2. HP: 15/15 MP: 7/10
  1081 | D:2      | Learned a level 2 spell: Blink
  1084 | D:2      | Learned a level 2 spell: Call Imp
  1087 | D:2      | Learned a level 2 spell: Slow
  1112 | D:2      | Noticed Robin
  1123 | D:2      | Killed Robin
  1123 | D:2      | Reached skill level 6 in Spellcasting
  1123 | D:2      | Reached XP level 3. HP: 13/19 MP: 1/12
  1337 | D:2      | Learned a level 3 spell: Conjure Flame
  1341 | D:2      | Learned a level 3 spell: Mephitic Cloud
  1525 | D:2      | Reached XP level 4. HP: 15/24 MP: 6/14
  1783 | D:2      | Reached skill level 7 in Spellcasting
  2158 | D:2      | Found a blossoming altar of Fedhas.
  2471 | D:3      | Found a faded altar of an unknown god.
  2843 | D:3      | Noticed a black bear
  2861 | D:3      | Killed a black bear
  2861 | D:3      | Reached skill level 8 in Spellcasting
  2861 | D:3      | Reached XP level 5. HP: 28/28 MP: 0/18
  3120 | D:3      | Found a radiant altar of Vehumet.
  3395 | D:3      | Reached skill level 9 in Spellcasting
  3550 | D:4      | Reached XP level 6. HP: 32/32 MP: 13/20
  4354 | D:4      | Found a blossoming altar of Fedhas.
  4369 | D:4      | Found a transporter.
  4381 | D:4      | Found a transporter.
  4516 | D:4      | Found Viuskas's Book Shop.
  4714 | D:5      | Entered Level 5 of the Dungeon
  4733 | D:5      | Reached skill level 10 in Spellcasting
  4917 | D:5      | Found a sand-covered staircase.
  4922 | Ossuary  | Entered an ossuary
  5759 | Ossuary  | Reached XP level 7. HP: 36/36 MP: 21/23
  6238 | D:5      | Reached skill level 11 in Spellcasting
  7265 | D:6      | Reached skill level 1 in Shields
  7265 | D:6      | Reached skill level 1 in Fire Magic
  7495 | D:6      | Reached XP level 8. HP: 33/41 MP: 20/25
  7509 | D:6      | HP: 2/41 [something (8)]
  7512 | D:6      | Mangled by an unseen horror

Vault maps used:
D:1:      roderic_octagonal_star
D:2:      minmay_misc_feat_room, fedhas_altar_fruit_tree, uniq_robin
D:3:      nicolae_overflow_crystal_walls, chequers_ecumenical_altar_island,
          first_ration
D:4:      gammafunk_temple_overflow_arena, serial_shops,
          nicolae_shop_statue_plus
D:5:      enter_ossuary_2, sigmund_army
D:6:      gup_sewer_entry_glass, uniq_edmund
Ossuary:  ossuary_minmay_chase

Skill      XL: |  1  2  3  4  5  6  7 |
---------------+----------------------+-----
Spellcasting   | 5 6 8 9 10 11 | 11.8
Shields        | 1 |  1.7
Fire Magic     | 1 |  1.5
Conjurations   | 2 |  2.0
Dodging        | |  2.4
Stealth        | |  2.4
Summonings     | |  1.1
Translocations | |  1.1

Action                   |  1- 3 |  4- 6 |  7- 9 || total
-------------------------+-------+-------+-------++-------
Melee: Dagger            |    12 |    31 |    11 ||    54
       Unarmed           |     2 |       |       ||     2
       Hand axe          |       |       |    17 ||    17
 Cast: Magic Dart        |    68 |   167 |    91 ||   326
       Call Imp          |     6 |    14 |     6 ||    26
       Conjure Flame     |       |    34 |    15 ||    49
       Mephitic Cloud    |       |     5 |     8 ||    13
       Blink             |       |    11 |     5 ||    16
       Slow              |       |       |     1 ||     1
Evoke: Wand              |       |     4 |       ||     4
  Use: Potion            |     1 |       |     3 ||     4
       Scroll            |       |     5 |     4 ||     9
 Stab: Sleeping          |       |     1 |     1 ||     2
  Eat: Chunk             |     1 |    11 |     4 ||    16
       Ration            |       |     1 |       ||     1
Armor: Robe              |    10 |    18 |    13 ||    41
       Skin              |       |       |     4 ||     4
Dodge: Dodged            |    24 |    31 |    32 ||    87

Table legend:
 A = Non-vault XP
 B = Vault XP
 C = Vault XP percentage of total XP
 D = Non-vault monster count
 E = Vault monster count
 F = Vault count percentage of total count
                 A         B        C        D         E       F
            +---------+---------+-------+---------+---------+-------
      Total |    1228 |     227 |  15.6 |     114 |      42 |  26.9
            +---------+---------+-------+---------+---------+-------
        D:1 |      34 |       0 |   0.0 |      19 |       0 |   0.0
        D:2 |      83 |      19 |  18.6 |      21 |      12 |  36.4
        D:3 |     223 |       0 |   0.0 |      33 |       0 |   0.0
        D:4 |     180 |      14 |   7.2 |      12 |       5 |  29.4
        D:5 |     495 |      22 |   4.3 |      19 |       5 |  20.8
        D:6 |     213 |       0 |   0.0 |      10 |       0 |   0.0
    Ossuary |       0 |     172 | 100.0 |       0 |      20 | 100.0
            +---------+---------+-------+---------+---------+-------
